 Dungeon Crawl Stone Soup version 0.17.0-24-gcfadda4 (webtiles) character file.

1364 M4edhros the Covert (level 8, 0/48 HPs)
             Began as an Octopode Artificer on Nov 16, 2015.
             Was an Initiate of Fedhas.
             Slain by an ice devil (19 damage)
             ... summoned by Xom
             ... on level 3 of the Dungeon.
             The game lasted 00:11:16 (5724 turns).

M4edhros the Covert (Octopode Artificer)            Turns: 5724, Time: 00:11:16

Health: 0/48       AC:  1    Str: 11      XL:     8   Next: 64%
Magic:  13/13      EV: 12    Int: 15 (16) God:    Fedhas [......]
Gold:   514        SH:  0    Dex: 14      Spells: 0 memorised, 7 levels left

rFire  + . .     SeeInvis .     r - +2 short sword (freeze)
rCold  . . .     Clarity  .     (no shield)
rNeg   . . .     SustAt   .     (helmet restricted)
rPois  .         Gourm    .     (no amulet)
rElec  .         Spirit   .     (no ring)
rCorr  .         Warding  .     (no ring)
rMut   .         Stasis   .     (no ring)
MR     .....                    (no ring)
Stlth  ++++++....               (no ring)
                                (no ring)
                                (no ring)
                                (no ring)

@: about to teleport, vulnerable, not resistant to hostile enchantments, very
stealthy
A: almost no armour, amphibious, 8 rings, constrict 8, camouflage 1, clever 1,
fire resistance 1, mutation resistance 1, gelatinous body 1
a: Renounce Religion


You were on level 3 of the Dungeon.
You worshipped Fedhas.
Fedhas was noncommittal.
You were not hungry.

You visited 2 branches of the dungeon, and saw 8 of its levels.
You also visited: Ossuary.

You collected 514 gold pieces.

Inventory:

Hand Weapons
 a - a +0 short sword
 g - a +1 dagger of venom
 h - a +0 hunting sling
 r - a +2 short sword of freezing (weapon)
 y - a +0 arbalest
Missiles
 j - 17 steel bolts
 k - 97 stones (quivered)
Wands
 b - a wand of flame (2)
 c - a wand of enslavement (20)
 d - a wand of random effects (10)
Scrolls
 f - a scroll of fear
 l - a scroll of immolation
 n - 3 scrolls of remove curse
 p - 2 scrolls of amnesia
 q - a scroll of magic mapping
 w - a scroll of teleportation
Potions
 m - 2 potions of curing
 u - 2 potions of heal wounds
 x - a potion of might
 z - a potion of mutation {unknown}
Comestibles
 e - 3 bread rations
 i - a beef jerky
 o - 7 fruits


   Skills:
 - Level 1.0 Fighting
 - Level 1.0 Short Blades
 + Level 4.7 Slings
 - Level 2.0 Dodging
 * Level 10.3 Stealth
 + Level 6.7 Evocations


You had 7 spell levels left.
You didn't know any spells.

Dungeon Overview and Level Annotations

Branches:
Dungeon (7/15)             Temple (1/1) D:7

Altars:
Ashenzari
Cheibriados
Elyvilon
Fedhas
Gozag
Kikubaaqudgha
Nemelex Xobeh
Okawaru
Qazlal
Ru
Vehumet
Xom
Yredelemnul
Zin
The Shining One

Annotations:
D:6 Statics's ghost, novice OpTm


Innate Abilities, Weirdness & Mutations

You cannot wear most types of armour.
You are amphibious.
You can wear up to eight rings at the same time.
You can use your tentacles to constrict eight enemies at once.
Your skin changes colour to match your surroundings (Stealth).
Your rubbery body absorbs attacks (AC +1).
Your mind is acute. (Int +2)
Your flesh is heat resistant.
You are somewhat resistant to further mutation.


Message History

The white imp hits you. The white imp freezes you.
* * * LOW HITPOINT WARNING * * *
Drink which item? (? for menu, Esc to quit)
You feel much better. The iron imp hits you! The ice devil closely misses you.
Read which item? (? for menu, Esc to quit)
As you read the scroll labeled NYGHOWK XOIMPEU, it crumbles to dust.
You feel strangely unstable.
It was a scroll of teleportation.
The shadow imp grinds its teeth.
The shadow imp closely misses you. The ice devil hits you!
The ice devil freezes you!
* * * LOW HITPOINT WARNING * * *
The iron imp barely misses you.
Unknown command.
Drink which item? (? for menu, Esc to quit)
You feel much better. The crimson imp barely misses you.
The crimson imp blinks!
The ice devil barely misses you. The crimson imp puffs mist at you.
The iron imp hits you. The ice devil hits you. The ice devil freezes you!!
You die...
Fedhas appreciates your contribution to the ecosystem.

#......⌠♣♣♣♣⌠......#
#..................#
###................##
######.##..............##
..<.....##.....5......##
####.#...##..........##
####.##.####..5555..##
...........####55####
###.####...#..#5@#
*.....*#..#.#553##
.......#....^§###
.......#.######
..._..........#
.......#......#
,......#....).#######
*.....*#............#
*##.####.......####.#


You could see an ice devil, an iron imp, 4 crimson imps, 2 white imps and 3
shadow imps.

Vanquished Creatures
  A sky beast (D:5)
  3 ogres
  4 orc wizards
  2 scorpions (D:6)
  2 crimson imps
  2 vampire bats (D:4)
  A giant frog zombie (D:6)
  An orc priest (D:5)
  A hound (D:6)
  2 giant frog skeletons
  5 worker ants
  Natasha (D:2)
  A big kobold zombie (Ossuary)
  8 mummies (Ossuary)
  3 gnolls (D:4)
  4 adders
  A shadow imp (D:5)
  An ooze (D:2)
  An adder skeleton (D:5)
  An adder zombie (D:5)
  A worm (D:6)
  3 giant geckos
  13 orcs
  4 bat skeletons (D:4)
  2 bat zombies (D:4)
  7 giant cockroaches
  4 goblins
  4 hobgoblins
  3 kobolds
  3 quokkas
  2 bats (D:1)
  A giant gecko skeleton (D:5)
  A giant newt (D:4)
  A gnoll zombie (Ossuary)
  3 hobgoblin zombies (Ossuary)
  A jackal skeleton (D:4)
  3 orc zombies (Ossuary)
  A quokka zombie (D:4)
  2 rats
  A rat zombie (D:4)
  A spectral orc (D:6)
106 creatures vanquished.

Vanquished Creatures (collateral kills)
  2 orc wizards
  2 orcs (D:5)
4 creatures vanquished.

Vanquished Creatures (others)
  An orc priest (D:5)
  An orc wizard (D:4)
  14 toadstools
16 creatures vanquished.

Grand Total: 126 creatures vanquished

Notes
Turn   | Place    | Note
--------------------------------------------------------------
     0 | D:1      | M4edhros the Octopode Artificer began the quest for the Orb.
     0 | D:1      | Reached XP level 1. HP: 13/13 MP: 3/3
   524 | D:1      | Reached XP level 2. HP: 16/18 MP: 4/4
   699 | D:2      | Reached XP level 3. HP: 23/23 MP: 5/5
   729 | D:2      | Reached skill level 1 in Slings
   870 | D:2      | Found a shattered altar of Ashenzari.
   872 | D:2      | Noticed Natasha
   883 | D:2      | Killed Natasha
   883 | D:2      | Reached skill level 4 in Stealth
   883 | D:2      | Reached XP level 4. HP: 7/28 MP: 6/6
  1174 | D:3      | Found a radiant altar of Vehumet.
  1383 | D:4      | Gained mutation: You are somewhat resistant to further mutation. [potion of beneficial mutation]
  1412 | D:4      | Noticed an ogre
  1416 | D:4      | Killed an ogre
  1416 | D:4      | Reached skill level 5 in Stealth
  1416 | D:4      | Reached XP level 5. HP: 11/33 MP: 6/8
  1706 | D:4      | Found a sand-covered staircase.
  1729 | Ossuary  | Entered an ossuary
  1774 | Ossuary  | Reached skill level 6 in Stealth
  1774 | Ossuary  | Reached XP level 6. HP: 24/38 MP: 9/9
  2289 | D:5      | Entered Level 5 of the Dungeon
  2521 | D:5      | Reached skill level 7 in Stealth
  2522 | D:5      | Noticed an angel
  2522 | D:5      | Found a shimmering altar of Xom.
  2528 | D:5      | Found a glowing silver altar of Zin.
  2566 | D:5      | Reached skill level 5 in Evocations
  2575 | D:5      | HP: 1/38 [orc wizard/puff of frost (10)]
  2578 | D:5      | Reached XP level 7. HP: 14/43 MP: 10/10
  2582 | D:5      | Became a worshipper of Xom of Chaos
  2984 | D:5      | XOM: potion effect (berserk rage)
  2988 | D:5      | XOM: harmless Erth miscast
  2992 | D:5      | Reached skill level 8 in Stealth
  3213 | D:5      | XOM: divination: detect creatures
  3247 | D:5      | Gained mutation: Your mind is acute. (Int +2) [mutagenic meat]
  3250 | D:5      | Gained mutation: Your flesh is heat resistant. [mutagenic meat]
  3327 | D:6      | XOM: noise
  3331 | D:6      | XOM: polymorph orc -> goblin
  3538 | D:6      | XOM: summons 1 hostile demon
  3602 | D:6      | Noticed Statics's ghost (novice OpTm)
  3651 | D:6      | Reached skill level 9 in Stealth
  3651 | D:6      | Reached XP level 8. HP: 46/48 MP: 12/12
  3826 | D:6      | Found a basalt altar of Yredelemnul.
  4227 | D:6      | XOM: colour smoke trail
  4324 | D:7      | Found a white marble altar of Elyvilon.
  4399 | D:7      | Found a staircase to the Ecumenical Temple.
  4426 | D:7      | Reached skill level 10 in Stealth
  4428 | D:7      | XOM: 2-stop teleportation journey
  4620 | Temple   | Entered the Ecumenical Temple
  4630 | Temple   | XOM: 10-stop teleportation journey
  4658 | Temple   | Fell from the grace of Xom
  4658 | Temple   | Became a worshipper of Fedhas Madash
  5527 | D:4      | Found an ancient bone altar of Kikubaaqudgha.
  5716 | D:3      | XOM: summons 11 hostile demons
  5717 | D:3      | Noticed an ice devil
  5724 | D:3      | Slain by an ice devil

Action                   |  1- 3 |  4- 6 |  7- 9 || total
-------------------------+-------+-------+-------++-------
Melee: Short sword       |    32 |    12 |    73 ||   117
       Dagger            |       |    66 |    18 ||    84
 Fire: Hunting sling     |       |    26 |       ||    26
Evoke: Wand              |     2 |    17 |     4 ||    23
  Use: Potion            |       |     9 |     6 ||    15
       Scroll            |       |     6 |     5 ||    11
 Stab: Sleeping          |     7 |     9 |    21 ||    37
  Eat: Chunk             |       |     5 |     9 ||    14
       Bread ration      |       |       |     1 ||     1
       Meat ration       |       |       |     1 ||     1
